 Dungeon Crawl Stone Soup version 0.22-a0-154-gda3306adca (webtiles) character file.

43 RedPan the Charmwright (level 3, 0/31 HPs)
             Began as a Gnoll Skald on Feb 8, 2018.
             Slain by a goblin (2 damage)
             ... on level 1 of the Dungeon.
             The game lasted 00:02:37 (787 turns).

RedPan the Charmwright (Gnoll Skald)                 Turns: 787, Time: 00:02:38

Health: 0/31       AC:  4    Str: 13    XL:     3   Next: 58%
Magic:  4/9        EV: 14    Int: 16    God:
Gold:   58         SH:  0    Dex: 14    Spells: 9/12 levels left

rFire    . . .     SeeInvis .   k - -1 dagger (curse)
rCold    . . .     Gourm    .   (no shield)
rNeg     . . .     Faith    .   b - +0 leather armour
rPois    .         Spirit   .   i - +0 helmet
rElec    .         Reflect  .   (no cloak)
rCorr    .         Harm     .   (no gloves)
MR       .....                  (no boots)
Stlth    +.........             (no amulet)
HPRegen  0.10/turn              (no ring)
MPRegen  0.11/turn              (no ring)

@: no status effects
A: distributed training, fangs 1, strong nose
a: no special abilities


You were on level 1 of the Dungeon.
You were not hungry.

You visited 1 branch of the dungeon, and saw 2 of its levels.

You collected 58 gold pieces.

Inventory:

Hand Weapons
 a - a +0 falchion
 h - a +0 hand axe of venom
 k - a cursed -1 dagger (weapon)
Armour
 b - a +0 leather armour (worn)
 i - a +0 helmet (worn)
Jewellery
 g - an uncursed ring of flight {unknown}
Scrolls
 l - a scroll of fog {unknown}
Potions
 e - a potion of agility {unknown}
 f - a potion of ambrosia
Books
 c - a book of Battle

   Spells                             Type                      Level
   a - Infusion                       Charms                       1
   b - Shroud of Golubria             Charms/Translocation         2
   c - Song of Slaying                Charms                       2
   d - Spectral Weapon                Hexes/Charms                 3
   e - Regeneration                   Charms/Necromancy            3
Comestibles
 d - 3 rations


   Skills:
 + Level 4.5 Fighting
 + Level 0.8 Short Blades
 + Level 4.5 Long Blades
 + Level 0.8 Axes
 + Level 0.8 Maces & Flails
 + Level 0.8 Polearms
 + Level 0.8 Staves
 + Level 0.8 Slings
 + Level 0.8 Bows
 + Level 0.8 Crossbows
 + Level 0.8 Throwing
 + Level 2.6 Armour
 + Level 4.5 Dodging
 + Level 0.8 Stealth
 + Level 0.8 Shields
 + Level 0.8 Unarmed Combat
 + Level 5.0 Spellcasting
 + Level 0.5 Conjurations
 + Level 0.5 Hexes
 + Level 5.4 Charms
 + Level 0.5 Summonings
 + Level 0.5 Necromancy
 + Level 0.5 Translocations
 + Level 0.5 Transmutations
 + Level 0.5 Fire Magic
 + Level 0.5 Ice Magic
 + Level 0.5 Air Magic
 + Level 0.5 Earth Magic
 + Level 0.5 Poison Magic
 + Level 1.0 Invocations
 + Level 0.8 Evocations


You had 9 spell levels left.
You knew the following spells:

 Your Spells              Type           Power        Failure   Level  Hunger
a - Infusion              Chrm           ###.         1%          1    None
b - Shroud of Golubria    Chrm/Tloc      ##........   9%          2    #......


Dungeon Overview and Level Annotations

Branches:
Dungeon (2/15)

Altars:


Innate Abilities, Weirdness & Mutations

Your experience applies equally to all skills.
You have very sharp teeth.
Your uncanny sense of smell can sniff out nearby items.


Message History

You hit the hobgoblin but do no damage.
The hobgoblin is severely wounded.
The hobgoblin closely misses you. The goblin misses you.
An orc warrior comes into view. It is wielding a glaive.
The orc warrior shouts!
You hit the hobgoblin.
You kill the hobgoblin!
The goblin completely misses you.
You barely miss the goblin. The goblin barely misses you.
An orc comes into view. It is wielding a flail.
The goblin hits you but does no damage.
You climb upwards.
There is a stone staircase leading down here.
You hit the goblin.
The goblin is severely wounded.
The goblin barely misses you.
You hit the goblin but do no damage.
The goblin is severely wounded.
The goblin hits you.
You die...

####........##..### #...
........#...##..# #...
..#.............# #...
#.......#.##..#.### ##..
...#...(..##..#...#### ###..
.#.....#......###....# #....
.......#...)#.######.# #####....
.#..........#....###.####........
...##.###...####@.##......####...
..###..........g..........# #...
......##...).#####........# ##..
...##..........)...#####.## ##..
.......##....###..## #.# ##..#
.....#.##....###..######.####..##
.....#.##....#........##.........
..#..........#.####.....##.......
..####.........# #..............


You could see a goblin.

Vanquished Creatures
  An ooze (D:1)
  2 adder skeletons (D:2)
  An adder zombie (D:2)
  2 dart slugs (D:1)
  A leopard gecko (D:1)
  2 bat zombies (D:2)
  A giant cockroach (D:1)
  3 hobgoblins
  2 kobolds
  5 bats
  2 frilled lizards (D:1)
  2 goblins (D:1)
  3 rats
27 creatures vanquished.

Notes
Turn   | Place    | Note
-------+----------+-------------------------------------------
     0 | D:1      | RedPan the Gnoll Skald began the quest for the Orb.
     0 | D:1      | Reached XP level 1. HP: 20/20 MP: 6/6
    77 | D:1      | Reached XP level 2. HP: 19/26 MP: 7/7
   168 | D:1      | Learned a level 2 spell: Shroud of Golubria
   419 | D:1      | Reached XP level 3. HP: 26/31 MP: 5/9
   706 | D:2      | Reached skill level 5 in Spellcasting
   775 | D:2      | Reached skill level 1 in Invocations
   780 | D:2      | HP: 1/31 [goblin (1)]
   782 | D:2      | Noticed an orc warrior
   787 | D:1      | Slain by a goblin

Vault maps used:
D:1:      minmay_arrival_nine_rooms, st_stairs_9
D:2:      serial_undead, serial_undead_b, serial_undead_b, serial_undead_f,
          serial_undead_c, serial_undead_c, serial_undead_c, serial_undead_e,
          serial_undead_e

Skill      XL: |  1  2  3 |
---------------+----------+-----
Spellcasting   | 5 |  5.0
Invocations    | 1 |  1.0
Fighting       | |  4.5
Short Blades   | |  0.8
Long Blades    | |  4.5
Axes           | |  0.8
Maces & Flails | |  0.8
Polearms       | |  0.8
Staves         | |  0.8
Slings         | |  0.8
Bows           | |  0.8
Crossbows      | |  0.8
Throwing       | |  0.8
Armour         | |  2.6
Dodging        | |  4.5
Stealth        | |  0.8
Shields        | |  0.8
Unarmed Combat | |  0.8
Conjurations   | |  0.5
Hexes          | |  0.5
Charms         | |  5.4
Summonings     | |  0.5
Necromancy     | |  0.5
Translocations | |  0.5
Transmutations | |  0.5
Fire Magic     | |  0.5
Ice Magic      | |  0.5
Air Magic      | |  0.5
Earth Magic    | |  0.5
Poison Magic   | |  0.5
Evocations     | |  0.8

Action                   || total
-------------------------++-------
Melee: Falchion          ||    19
       Bite              ||    12
       Dagger            ||   101
 Cast: Infusion          ||     3
       Shroud of Golubri ||     1
  Use: Scroll            ||     4
 Stab: Sleeping          ||     1
Armor: Leather armour    ||    33
Dodge: Dodged            ||   112
       Rpst.: Falchion   ||     4

Table legend:
 A = Spawn XP
 B = Non-spawn XP
 C = Spawn XP percentage of total XP
 D = Spawn monster count
 E = Non-spawn monster count
 F = Spawn count percentage of total count
 G = Total turns spent on level
                    A         B        C        D         E        F      G
               +---------+---------+-------+---------+---------+-------+---------
         Total |       0 |      62 |   0.0 |       0 |      27 |   0.0 |   787
               +---------+---------+-------+---------+---------+-------+---------
           D:1 |       0 |      37 |   0.0 |       0 |      18 |   0.0 |   703
           D:2 |       0 |      25 |   0.0 |       0 |       9 |   0.0 |    84
               +---------+---------+-------+---------+---------+-------+---------
